 Dungeon Crawl Stone Soup version 0.20.0-15-g7f486f2 (webtiles) character file.

2583 dobroeutro the Chopper (level 9, -2/68 HPs)
             Began as a Demonspawn Fighter on June 17, 2017.
             Was a Believer of Okawaru.
             Killed from afar by an orc wizard (6 damage)
             ... with a puff of flame
             ... on level 6 of the Dungeon.
             The game lasted 00:10:28 (5374 turns).

dobroeutro the Chopper (Demonspawn Fighter)         Turns: 5374, Time: 00:10:28

Health: -2/68      AC: 13    Str: 20      XL:     9   Next: 32%
Magic:  9/9        EV: 10    Int:  8 (9)  God:    Okawaru [**....]
Gold:   219        SH: 10    Dex: 13      Spells: 8/8 levels left

rFire    . . .     SeeInvis .   H - -2 war axe (elec)
rCold    . . .     Gourm    .   c - +0 shield
rNeg     . . .     Faith    .   b - +0 scale mail
rPois    .         Spirit   .   (helmet restricted)
rElec    .         Reflect  .   u - +2 cloak
rCorr    .         Harm     .   (no gloves)
MR       .....                  (no boots)
Stlth    ..........             (no amulet)
Regen    0.3/turn               (no ring)
MPRegen  0.2/turn               (no ring)

@: no status effects
A: horns 2, slimy green scales 2, deterioration 1, mutation resistance 1,
powered by pain 1, spiny 1, wild magic 1
a: Heroism, Renounce Religion


You were on level 6 of the Dungeon.
You worshipped Okawaru.
Okawaru was pleased with you.
You were not hungry.

You visited 1 branch of the dungeon, and saw 6 of its levels.

You collected 219 gold pieces.

Inventory:

Hand Weapons
 a - a +0 war axe
 H - a -2 war axe of electrocution (weapon)
 I - a -1 eveningstar
Armour
 b - a +0 scale mail (worn)
 c - a +0 shield (worn)
 u - a +2 cloak (worn)
Jewellery
 n - an uncursed ring of stealth {unknown}
 r - a +3 amulet of reflection {unknown}
 C - a +3 ring of evasion {unknown}
 E - an uncursed ring of stealth {unknown}
Wands
 A - a wand of flame (18/48)
Scrolls
 e - 4 scrolls of magic mapping {unknown}
 g - 4 scrolls of random uselessness {unknown}
 i - a scroll of immolation {unknown}
 j - 5 scrolls of identify {unknown}
 l - a scroll of amnesia {unknown}
 o - 2 scrolls of fear {unknown}
 p - 3 scrolls of remove curse {unknown}
 s - 3 scrolls of enchant armour {unknown}
 v - a scroll of fog {unknown}
 y - a scroll of enchant weapon {unknown}
 D - a scroll of acquirement {unknown}
Potions
 d - 3 potions of might
 h - 2 potions of lignification {unknown}
 m - 7 potions of curing {unknown}
 w - a potion of degeneration {unknown}
 x - a potion of haste {unknown}
 z - a potion of brilliance {unknown}
 G - a potion of berserk rage {unknown}
Books
 B - a book of Maledictions

   Spells                             Type                      Level
   a - Corona                         Hexes                        1
   b - Ensorcelled Hibernation        Hexes/Ice                    2
   c - Confuse                        Hexes                        3
   d - Tukima's Dance                 Hexes                        3
   e - Dazzling Spray                 Conjuration/Hexes            3
Comestibles
 f - a bread ration
 k - 5 fruits
 q - 3 royal jellies
 t - 3 meat rations


   Skills:
 + Level 5.6 Fighting
 + Level 7.4 Axes
 + Level 5.5 Armour
 + Level 4.2 Dodging
 + Level 5.2 Shields


You had 8 spell levels left.
You didn't know any spells.

Dungeon Overview and Level Annotations

Branches:
Dungeon (6/15)             Temple (0/1) D:6

Altars:
Elyvilon
Fedhas
Okawaru
Trog

Shops:
D:4 :


Innate Abilities, Weirdness & Mutations

You have a pair of horns on your head.
You are mostly covered in slimy green scales. (AC +3)
You sometimes gain a little power by taking damage.
You are partially covered in sharp spines.
Your body sometimes deteriorates upon taking damage.
You are somewhat resistant to further mutation.
Your spells are a little harder to cast, but a little more powerful.


Message History

An electric eel is nearby!
An electric eel comes into view.
The electric eel shoots out a bolt of lightning at you!
The bolt of electricity hits you!
The electric eel shoots out a bolt of lightning at you!
The bolt of electricity hits the electric eel.
The electric eel completely resists.
The bolt of electricity hits you!
* * * LOW HITPOINT WARNING * * *
You see here a club.
The electric eel shoots out a bolt of lightning at you!
The bolt of electricity hits you!
* * * LOW HITPOINT WARNING * * *
Your body deteriorates!
You feel dopey.
The electric eel shoots out a bolt of lightning at you!
The bolt of electricity hits you!
* * * LOW HITPOINT WARNING * * *
An orc wizard comes into view. It is wielding a dagger.
The orc wizard points at you and mumbles some strange words.
The puff of flame hits you!
You die...

..≈P≈≈≈....#.# .≈≈≈≈≈≈...##.#
≈≈≈≈≈≈≈.†###.# #######
≈≈≈≈≈≈≈P.†....# .......
..≈≈≈≈≈≈≈.####.###############
..≈≈≈≈≈...####..........######
.≈≈≈≈≈≈.................)(....
.≈.≈≈≈≈P≈.<######..>....)######
.≈≈≈≈≈≈.......@.....[..).#
...≈≈≈≈≈....#####..)......#
...≈≈≈P≈≈..## ##..o.....# ##
...≈≈≈≈P...# ##.......#####.
....≈≈≈....# ##.####.##..#.
#..≈≈≈≈...## ...# #.###...
...≈≈≈P...# #.### ########
....≈≈≈≈.## #.. #..)#
..≈≈P≈≈).# ## ###)#


You could see an orc wizard.

Vanquished Creatures
  The ghost of Feta the Blocker, a novice FoFi of Okawaru (D:5)
  Sigmund (D:6)
  Duvessa (D:6)
  2 sky beasts
  An ice beast (D:5)
  An orc warrior (D:6)
  A phantom (D:4)
  An ogre (D:5)
  An eye of draining (D:4)
  A bullfrog (D:6)
  Dowan (D:6)
  7 scorpions
  2 electric eels (D:6)
  A centaur zombie (D:5)
  2 crimson imps
  A quasit (D:5)
  A hound (D:6)
  5 orc wizards
  2 orc priests
  2 iguanas (D:4)
  4 worker ants
  A howler monkey zombie (D:5)
  4 gnolls
  3 river rats (D:4)
  7 adders
  2 oozes
  An adder skeleton (D:6)
  A worm (D:5)
  A dart slug (D:2)
  5 leopard geckos
  11 orcs
  A ball python (D:3)
  2 giant cockroaches
  12 goblins
  9 hobgoblins
  A quokka (D:3)
  12 bats
  2 frilled lizards
  A jackal skeleton (D:4)
  7 kobolds
  A leopard gecko skeleton (D:5)
  A quokka zombie (D:4)
  26 rats
150 creatures vanquished.

Notes
Turn   | Place    | Note
-------+----------+-------------------------------------------
     0 | D:1      | dobroeutro the Demonspawn Fighter began the quest for the Orb.
     0 | D:1      | Reached XP level 1. HP: 18/18 MP: 1/1
    62 | D:1      | Reached skill level 2 in Axes
   182 | D:1      | Gained mutation: You are partially covered in slimy green scales. (AC +2) [demonic ancestry]
   182 | D:1      | Reached XP level 2. HP: 22/24 MP: 2/2
   364 | D:1      | Reached skill level 3 in Axes
   654 | D:2      | Gained mutation: You are mostly covered in slimy green scales. (AC +3) [demonic ancestry]
   654 | D:2      | Reached XP level 3. HP: 29/29 MP: 3/3
   764 | D:2      | Found a blossoming altar of Fedhas.
  1518 | D:3      | Found a white marble altar of Elyvilon.
  1793 | D:2      | Reached XP level 4. HP: 35/35 MP: 4/4
  1826 | D:3      | Reached skill level 4 in Axes
  2193 | D:3      | Gained mutation: You are partially covered in sharp spines. [demonic ancestry]
  2193 | D:3      | Reached XP level 5. HP: 37/41 MP: 5/5
  2453 | D:4      | Reached skill level 5 in Axes
  2538 | D:4      | Found Yteq's Book Shop.
  2565 | D:4      | Gained mutation: You sometimes gain a little power by taking damage. [demonic ancestry]
  2565 | D:4      | Reached XP level 6. HP: 41/47 MP: 6/6
  2707 | D:4      | Found an iron altar of Okawaru.
  2716 | D:4      | Noticed a sky beast
  2729 | D:4      | Killed a sky beast
  2729 | D:4      | Reached skill level 1 in Dodging
  2735 | D:4      | Gained mutation: Your body sometimes deteriorates upon taking damage. [mutagenic meat]
  2736 | D:4      | Gained mutation: You have a pair of small antennae on your head. [mutagenic meat]
  2742 | D:4      | Became a worshipper of Warmaster Okawaru
  2784 | D:4      | Found a bloodstained altar of Trog.
  2793 | D:4      | Reached skill level 6 in Axes
  2800 | D:4      | Lost mutation: You have a pair of small antennae on your head. [demonic ancestry]
  2800 | D:4      | Gained mutation: You have a pair of small horns on your head. [demonic ancestry]
  2800 | D:4      | Reached XP level 7. HP: 18/52 MP: 0/7
  3296 | D:5      | Entered Level 5 of the Dungeon
  3303 | D:5      | Noticed Feta's ghost (novice FoFi)
  3541 | D:5      | Killed Feta's ghost
  3541 | D:5      | Reached * piety under Okawaru
  3541 | D:5      | Gained mutation: You have a pair of horns on your head. [demonic ancestry]
  3541 | D:5      | Reached XP level 8. HP: 4/61 MP: 8/8
  4457 | D:6      | Found a staircase to the Ecumenical Temple.
  4837 | D:5      | Reached ** piety under Okawaru
  4837 | D:5      | Reached skill level 5 in Fighting
  4837 | D:5      | Reached skill level 7 in Axes
  5089 | D:6      | Reached skill level 5 in Armour
  5173 | D:6      | Reached XP level 9. HP: 41/68 MP: 9/9
  5278 | D:6      | Noticed Duvessa
  5288 | D:6      | Killed Duvessa
  5288 | D:6      | Reached skill level 5 in Shields
  5289 | D:6      | Noticed Dowan
  5289 | D:6      | Noticed Sigmund
  5293 | D:6      | Killed Dowan
  5318 | D:6      | Killed Sigmund
  5325 | D:6      | Gained mutation: You are somewhat resistant to further mutation. [mutagenic meat]
  5326 | D:6      | Gained mutation: Your spells are a little harder to cast, but a little more powerful. [mutagenic meat]
  5365 | D:6      | HP: 2/68 [electric eel/bolt of electricity (10)]
  5374 | D:6      | Killed from afar by an orc wizard

Skill      XL: |  1  2  3  4  5  6  7  8  9 |
---------------+----------------------------+-----
Axes           | 2 3 4 5 6 7 |  7.4
Armour         | 3 4 5 |  5.5
Dodging        | 1 2 3 4 |  4.2
Shields        | 3 4 5 |  5.2
Fighting       | 4 5 |  5.6

Action                   |  1- 3 |  4- 6 |  7- 9 || total
-------------------------+-------+-------+-------++-------
Melee: War axe           |   161 |    99 |   203 ||   463
       Headbutt          |       |       |    51 ||    51
  Eat: Chunk             |     3 |     5 |    10 ||    18
       Bread ration      |       |       |     1 ||     1
Armor: Scale mail        |    89 |    49 |    85 ||   223
Dodge: Dodged            |    50 |    30 |    49 ||   129
Block: Shield            |   102 |    48 |    85 ||   235
